General information
- name: BNet
- type: Ladder team game (AT/RT)
- host: Battle.net
- saver: SnakeInTheGrass
map: Deadlands
- players: 8
- length: 44:21
- speed: Fast
- version: 1.27 W3XP
- replay type: Public
» download(220 KB)
Players
team 1 (loser)
thyfetidfather (
orange | 138 APM | 810 actions | 05:52)
2 Keeper of the Grove
1 Entangling Roots
1 Thorns Aura
» actions
| Assign group hotkey | 113 | |
| Basic commands | 1 | |
| Build / train | 31 | |
| Enter build submenu | 8 | |
| Enter hero's abilities submenu | 2 | |
| Right click | 347 | |
| Select / deselect | 85 | |
| Select group hotkey | 213 | |
| Use ability | 10 | |
810 total
» units
» upgrades
» buildings
| Altar of Elders | 1 | |
| Moon Well | 4 | |
| Ancient of War | 1 | |
| Tree of Ages | 1 | |
| Ancient of Wonders | 1 | |
| Tree of Eternity | 1 | |
9 total
» build order
00:09 Altar of Elders
00:20 Moon Well
00:49 Ancient of War
01:34 Moon Well
01:55 Moon Well
03:08 Tree of Ages
03:21 Ancient of Wonders
05:15 Moon Well
05:45 Tree of Eternity
» items
| Lesser Clarity Potion | 1 | |
| Dust of Appearance | 1 | |
2 total

»
Combat_Vet (
green | 30 APM | 1319 actions | 43:21)
4 Archmage
2 Blizzard
2 Brilliance Aura
3 Keeper of the Grove
2 Thorns Aura
1 Entangling Roots
1 Paladin
1 Devotion Aura
» actions
| Assign group hotkey | 21 | |
| Basic commands | 12 | |
| Build / train | 138 | |
| Enter build submenu | 50 | |
| Enter hero's abilities submenu | 8 | |
| Right click | 399 | |
| Select / deselect | 521 | |
| Select group hotkey | 70 | |
| Use ability | 100 | |
1319 total
» units
| Peasant | 32 | |
| Rifleman | 11 | |
| Archer | 4 | |
| Wisp | 8 | |
| Chimaera | 10 | |
| Priest | 14 | |
| Draenei Darkslayer | 1 | |
| Voidwalker | 1 | |
| Draenei Disciple | 1 | |
| Fel Beast | 1 | |
| Sorceress | 4 | |
| Siege Engine | 3 | |
| Mortar Team | 11 | |
101 total
» upgrades
| Gunpowder | 2 | |
| Armor | 2 | |
| Long Rifles | 1 | |
| Strength of the Wild | 2 | |
| Reinforced Hides | 2 | |
| Well Spring | 1 | |
| Lumber Harvesting | 2 | |
| Masonry | 1 | |
| Corrosive Breath | 1 | |
| Priest Training | 2 | |
| Sorceress Training | 2 | |
| Fragmentation Shards | 1 | |
| Flare | 1 | |
20 total
» buildings
| Altar of Kings | 1 | |
| Farm | 7 | |
| Lumber Mill | 1 | |
| Barracks | 1 | |
| Blacksmith | 3 | |
| Arcane Vault | 1 | |
| Keep | 1 | |
| Hunter's Hall | 1 | |
| Ancient of Wind | 1 | |
| Chimaera Roost | 4 | |
| Scout Tower | 4 | |
| Guard Tower | 1 | |
| Arcane Tower | 1 | |
| Moon Well | 6 | |
| Arcane Sanctum | 2 | |
| Castle | 1 | |
| Town Hall | 2 | |
| Tree of Life | 1 | |
| Workshop | 2 | |
41 total
» build order
00:08 Altar of Kings
00:10 Farm
01:05 Lumber Mill
01:33 Farm
01:48 Barracks
02:02 Blacksmith
02:22 Arcane Vault
03:30 Farm
05:18 Keep
05:20 Farm
05:23 Farm
07:02 Hunter's Hall
07:19 Ancient of Wind
09:13 Chimaera Roost
09:15 Chimaera Roost
09:18 Chimaera Roost
09:30 Farm
09:31 Farm
09:40 Scout Tower
09:45 Scout Tower
09:53 Scout Tower
10:22 Chimaera Roost
10:33 Guard Tower
10:37 Scout Tower
11:30 Arcane Tower
11:49 Moon Well
11:51 Moon Well
11:53 Moon Well
11:55 Moon Well
12:24 Moon Well
12:40 Arcane Sanctum
12:45 Arcane Sanctum
12:55 Moon Well
14:41 Castle
17:46 Blacksmith
24:19 Town Hall
25:17 Tree of Life
31:05 Blacksmith
31:47 Workshop
33:27 Workshop
40:39 Town Hall
» items
| Potion of Lesser Invulnerability | 1 | |
| Scroll of Healing | 1 | |
| Scroll of Protection | 1 | |
3 total
OsamaBinLifting (
purple | 94 APM | 3927 actions | 41:42)
10 Death Knight
3 Death Coil
3 Unholy Aura
1 Animate Dead
3 Death Pact
» actions
| Assign group hotkey | 24 | |
| Basic commands | 1 | |
| Build / train | 58 | |
| Enter build submenu | 20 | |
| Enter hero's abilities submenu | 10 | |
| Give item / drop item | 3 | |
| Remove unit from queue | 2 | |
| Right click | 3278 | |
| Select / deselect | 292 | |
| Select group hotkey | 181 | |
| Use ability | 58 | |
3927 total
» units
| Acolyte | 2 | |
| Ghoul | 3 | |
| Crypt Fiend | 16 | |
| Frost Wyrm | 8 | |
29 total
» upgrades
| Creature Attack | 3 | |
| Creature Carapace | 3 | |
| Web | 1 | |
| Freezing Breath | 1 | |
8 total
» buildings
| Altar of Darkness | 1 | |
| Graveyard | 1 | |
| Crypt | 1 | |
| Ziggurat | 10 | |
| Spirit Tower | 6 | |
| Halls of the Dead | 1 | |
| Tomb of Relics | 1 | |
| Black Citadel | 1 | |
| Sacrificial Pit | 1 | |
| Boneyard | 2 | |
25 total
» build order
00:10 Altar of Darkness
00:19 Graveyard
00:29 Crypt
00:58 Ziggurat
02:16 Spirit Tower
02:40 Ziggurat
03:08 Ziggurat
04:42 Spirit Tower
05:47 Halls of the Dead
06:09 Ziggurat
06:17 Ziggurat
07:04 Tomb of Relics
07:17 Ziggurat
08:29 Spirit Tower
08:31 Spirit Tower
09:17 Black Citadel
10:23 Sacrificial Pit
10:43 Ziggurat
12:36 Boneyard
12:46 Boneyard
12:51 Ziggurat
17:19 Spirit Tower
17:20 Spirit Tower
20:17 Ziggurat
20:19 Ziggurat
worthless (
teal | 17 APM | 741 actions | 44:20)
5 Dark Ranger
3 Black Arrow
2 Life Drain
3 Lich
2 Frost Nova
1 Dark Ritual
» actions
| Build / train | 65 | |
| Enter build submenu | 24 | |
| Enter hero's abilities submenu | 8 | |
| Right click | 261 | |
| Select / deselect | 335 | |
| Use ability | 48 | |
741 total
» units
| Acolyte | 6 | |
| Ghoul | 3 | |
| Crypt Fiend | 7 | |
| Banshee | 13 | |
| Frost Wyrm | 6 | |
35 total
» upgrades
| Web | 1 | |
| Banshee Training | 2 | |
| Creature Attack | 3 | |
| Creature Carapace | 3 | |
| Freezing Breath | 1 | |
10 total
» buildings
| Altar of Darkness | 1 | |
| Ziggurat | 9 | |
| Crypt | 1 | |
| Graveyard | 1 | |
| Nerubian Tower | 1 | |
| Spirit Tower | 6 | |
| Halls of the Dead | 1 | |
| Tomb of Relics | 1 | |
| Temple of the Damned | 1 | |
| Black Citadel | 1 | |
| Sacrificial Pit | 1 | |
| Boneyard | 1 | |
| Tree of Life | 1 | |
26 total
» build order
00:18 Altar of Darkness
00:30 Ziggurat
01:05 Crypt
01:41 Graveyard
01:53 Ziggurat
02:21 Nerubian Tower
04:45 Spirit Tower
04:53 Halls of the Dead
05:15 Ziggurat
05:35 Tomb of Relics
06:14 Spirit Tower
07:04 Ziggurat
08:29 Temple of the Damned
08:52 Black Citadel
09:03 Ziggurat
09:57 Ziggurat
11:22 Sacrificial Pit
12:29 Boneyard
16:41 Spirit Tower
16:43 Spirit Tower
19:06 Ziggurat
23:08 Spirit Tower
23:10 Spirit Tower
25:01 Ziggurat
25:14 Ziggurat
43:13 Tree of Life
» items
team 2 (winner)
JOSEPH_STOLL (
red | 36 APM | 1590 actions | 44:21)
10 Blademaster
3 Wind Walk
3 Critical Strike
1 Bladestorm
3 Mirror Image
» actions
| Assign group hotkey | 11 | |
| Basic commands | 109 | |
| Build / train | 52 | |
| Enter build submenu | 21 | |
| Enter hero's abilities submenu | 12 | |
| Give item / drop item | 3 | |
| Remove unit from queue | 3 | |
| Right click | 953 | |
| Select / deselect | 198 | |
| Select group hotkey | 101 | |
| Use ability | 127 | |
1590 total
» units
» upgrades
| Reinforced Defenses | 1 | |
| Shaman Training | 1 | |
| Liquid Fire | 1 | |
3 total
» buildings
| Altar of Storms | 1 | |
| Orc Burrow | 8 | |
| Voodoo Lounge | 1 | |
| War Mill | 1 | |
| Watch Tower | 2 | |
| Stronghold | 1 | |
| Fortress | 1 | |
| Tauren Totem | 2 | |
| Spirit Lodge | 2 | |
| Beastiary | 3 | |
| Great Hall | 1 | |
23 total
» build order
00:24 Altar of Storms
00:39 Orc Burrow
00:54 Voodoo Lounge
01:25 War Mill
01:55 Orc Burrow
02:51 Watch Tower
03:22 Stronghold
05:52 Fortress
10:17 Orc Burrow
10:20 Watch Tower
10:26 Orc Burrow
14:43 Tauren Totem
14:44 Tauren Totem
15:41 Spirit Lodge
15:42 Spirit Lodge
15:47 Beastiary
15:50 Beastiary
16:40 Beastiary
17:41 Orc Burrow
18:52 Orc Burrow
18:53 Orc Burrow
21:24 Orc Burrow
28:56 Great Hall
» items
| Healing Salve | 2 | |
| Lesser Clarity Potion | 6 | |
| Boots of Speed | 1 | |
| Circlet of Nobility | 1 | |
| Orb of Lightning | 2 | |
| Potion of Lesser Invulnerability | 1 | |
| Potion of Mana | 2 | |
| Orb of Fire | 1 | |
16 total
SnakeInTheGrass (
blue | 59 APM | 2604 actions | 44:21)
7 Paladin
3 Divine Shield
2 Holy Light
2 Devotion Aura
» actions
| Assign group hotkey | 48 | |
| Basic commands | 21 | |
| Build / train | 131 | |
| Enter build submenu | 90 | |
| Enter hero's abilities submenu | 7 | |
| Remove unit from queue | 3 | |
| Right click | 1005 | |
| Select / deselect | 437 | |
| Select group hotkey | 641 | |
| Use ability | 221 | |
2604 total
» units
| Peasant | 26 | |
| Dragonhawk Rider | 18 | |
| Goblin Shredder | 1 | |
| Gryphon Rider | 8 | |
53 total
» upgrades
| Masonry | 3 | |
| Lumber Harvesting | 2 | |
| Swords | 3 | |
| Armor | 3 | |
| Cloud | 1 | |
| Storm Hammers | 1 | |
13 total
» buildings
| Lumber Mill | 4 | |
| Scout Tower | 64 | |
| Arcane Tower | 1 | |
| Guard Tower | 35 | |
| Keep | 1 | |
| Blacksmith | 2 | |
| Altar of Kings | 1 | |
| Farm | 10 | |
| Castle | 1 | |
| Town Hall | 4 | |
| Arcane Vault | 3 | |
| Gryphon Aviary | 8 | |
| Barracks | 2 | |
136 total
» build order
00:24 Lumber Mill
00:29 Scout Tower
00:54 Scout Tower
00:56 Scout Tower
01:04 Scout Tower
01:08 Scout Tower
01:19 Arcane Tower
02:05 Guard Tower
02:13 Guard Tower
02:23 Guard Tower
02:31 Scout Tower
02:38 Scout Tower
02:42 Scout Tower
02:49 Scout Tower
02:54 Scout Tower
03:52 Keep
04:06 Guard Tower
04:08 Guard Tower
04:26 Guard Tower
04:26 Guard Tower
04:36 Guard Tower
04:42 Guard Tower
10:50 Lumber Mill
10:58 Blacksmith
10:59 Blacksmith
11:03 Altar of Kings
11:25 Farm
11:26 Farm
11:28 Farm
11:32 Farm
11:33 Farm
11:37 Farm
11:39 Farm
12:21 Castle
13:17 Town Hall
13:21 Scout Tower
13:23 Scout Tower
13:24 Scout Tower
13:25 Scout Tower
13:27 Scout Tower
13:28 Scout Tower
13:29 Scout Tower
13:30 Scout Tower
13:33 Scout Tower
13:33 Scout Tower
13:35 Scout Tower
13:37 Arcane Vault
13:39 Scout Tower
13:40 Scout Tower
13:41 Scout Tower
13:54 Guard Tower
13:56 Guard Tower
14:10 Scout Tower
14:11 Scout Tower
14:12 Scout Tower
14:13 Scout Tower
14:14 Scout Tower
14:15 Scout Tower
14:22 Guard Tower
14:25 Guard Tower
14:53 Guard Tower
14:55 Guard Tower
15:10 Guard Tower
15:12 Guard Tower
15:18 Guard Tower
15:19 Guard Tower
15:21 Guard Tower
15:23 Guard Tower
15:26 Guard Tower
15:27 Guard Tower
15:49 Guard Tower
16:15 Lumber Mill
16:17 Lumber Mill
16:40 Castle
17:15 Arcane Vault
17:25 Scout Tower
17:26 Scout Tower
17:27 Scout Tower
17:29 Scout Tower
17:35 Scout Tower
17:36 Scout Tower
17:38 Scout Tower
18:38 Guard Tower
20:29 Gryphon Aviary
20:30 Gryphon Aviary
20:31 Gryphon Aviary
20:32 Gryphon Aviary
23:43 Farm
24:04 Scout Tower
24:05 Scout Tower
24:05 Barracks
24:07 Scout Tower
24:07 Scout Tower
24:08 Scout Tower
24:08 Scout Tower
24:09 Scout Tower
24:10 Scout Tower
24:10 Scout Tower
24:12 Scout Tower
24:13 Scout Tower
24:13 Scout Tower
24:13 Scout Tower
24:54 Guard Tower
25:17 Guard Tower
25:18 Guard Tower
25:18 Guard Tower
25:18 Guard Tower
27:01 Scout Tower
27:01 Scout Tower
27:02 Scout Tower
27:02 Scout Tower
27:03 Scout Tower
27:55 Guard Tower
27:56 Scout Tower
27:56 Scout Tower
27:57 Scout Tower
27:57 Scout Tower
27:57 Scout Tower
28:04 Gryphon Aviary
28:04 Gryphon Aviary
28:08 Gryphon Aviary
28:08 Gryphon Aviary
28:21 Barracks
28:43 Guard Tower
32:30 Town Hall
32:34 Scout Tower
32:35 Scout Tower
32:35 Scout Tower
32:35 Scout Tower
33:01 Farm
33:02 Farm
33:50 Guard Tower
36:15 Arcane Vault
39:50 Town Hall
42:33 Town Hall
» items
| Scroll of Town Portal | 2 | |
| Potion of Healing | 4 | |
| Staff of Sanctuary | 1 | |
| Orb of Fire | 1 | |
| Potion of Mana | 2 | |
| Boots of Speed | 1 | |
| Scroll of Regeneration | 1 | |
| Periapt of Vitality | 1 | |
13 total

»
GGsAllDay (
yellow | 4 APM | 174 actions | 44:21)
1 Demon Hunter
1 Evasion
» actions
| Assign group hotkey | 4 | |
| Basic commands | 11 | |
| Build / train | 24 | |
| ESC pressed | 1 | |
| Enter build submenu | 5 | |
| Enter hero's abilities submenu | 1 | |
| Remove unit from queue | 7 | |
| Right click | 63 | |
| Select / deselect | 44 | |
| Select group hotkey | 6 | |
| Use ability | 8 | |
174 total
» units
» buildings
| Altar of Elders | 1 | |
| Moon Well | 3 | |
| Ancient of War | 1 | |
| Tree of Ages | 1 | |
6 total
» build order
00:37 Altar of Elders
00:42 Moon Well
00:53 Ancient of War
03:46 Moon Well
04:29 Moon Well
05:10 Tree of Ages
CHRONICtOKE (
pink | 63 APM | 1443 actions | 22:51)
5 Death Knight
3 Death Coil
2 Unholy Aura
4 Lich
2 Frost Nova
2 Frost Armor
2 Crypt Lord
1 Impale
1 Spiked Carapace
» actions
| Assign group hotkey | 35 | |
| Basic commands | 4 | |
| Build / train | 84 | |
| Enter build submenu | 23 | |
| Enter hero's abilities submenu | 11 | |
| Give item / drop item | 5 | |
| Right click | 596 | |
| Select / deselect | 253 | |
| Select group hotkey | 345 | |
| Use ability | 87 | |
1443 total
» units
| Acolyte | 7 | |
| Ghoul | 2 | |
| Crypt Fiend | 11 | |
| Obsidian Statue | 2 | |
| Frost Wyrm | 9 | |
31 total
» upgrades
| Creature Attack | 2 | |
| Burrow | 1 | |
| Creature Carapace | 2 | |
| Web | 1 | |
| Destroyer Form | 1 | |
7 total
» buildings
| Graveyard | 1 | |
| Crypt | 2 | |
| Altar of Darkness | 1 | |
| Ziggurat | 10 | |
| Tomb of Relics | 1 | |
| Nerubian Tower | 2 | |
| Halls of the Dead | 1 | |
| Necropolis | 1 | |
| Black Citadel | 1 | |
| Slaughterhouse | 1 | |
| Sacrificial Pit | 1 | |
| Spirit Tower | 3 | |
| Boneyard | 3 | |
28 total
» build order
00:28 Graveyard
00:32 Crypt
00:35 Altar of Darkness
00:47 Ziggurat
00:58 Tomb of Relics
01:50 Ziggurat
03:39 Ziggurat
03:57 Nerubian Tower
04:10 Halls of the Dead
04:55 Necropolis
07:19 Black Citadel
07:25 Slaughterhouse
07:50 Crypt
07:58 Ziggurat
08:02 Sacrificial Pit
08:13 Ziggurat
08:15 Ziggurat
08:17 Ziggurat
08:19 Ziggurat
08:25 Ziggurat
08:27 Ziggurat
09:17 Nerubian Tower
09:19 Spirit Tower
09:23 Spirit Tower
10:37 Spirit Tower
11:48 Boneyard
11:54 Boneyard
12:00 Boneyard
» items
| Rod of Necromancy | 2 | |
| Potion of Mana | 2 | |
| Scroll of Town Portal | 4 | |
| Potion of Lesser Invulnerability | 1 | |
| Boots of Speed | 2 | |
| Scroll of Protection | 1 | |
| Scroll of Healing | 1 | |
| Potion of Healing | 1 | |
| Orb of Corruption | 1 | |
15 total
Chat log
(00:07 / Allies) CHRONICtOKE: 100 plz
(00:20 / All) Combat_Vet: snakes in the grass
(00:20 / Allies) CHRONICtOKE: gold me
(00:21 / Allies) CHRONICtOKE: ty
(00:21 / Allies) JOSEPH_STOLL: I'M GETTING bm
(00:25 / All) Combat_Vet: thats a cool one
(00:27 / Allies) GGsAllDay: gotcha niggga
(00:28 / Allies) JOSEPH_STOLL: I ONLY GET BM
(00:28 / Allies) GGsAllDay: get it
(00:32 / All) Combat_Vet: different ya know
(00:33 / Allies) JOSEPH_STOLL: I CAN FEED
(00:40 / All) CHRONICtOKE: what r u 12
(00:42 / Allies) JOSEPH_STOLL: I'LL FEED U PINK
(00:55 / Allies) CHRONICtOKE: ok
(01:11 / Allies) JOSEPH_STOLL: Get air on this map?
(01:21 / Allies) CHRONICtOKE: wtf kinda question is that
(01:31 / Allies) JOSEPH_STOLL: i didn't mean to put ? in
(01:57 / Allies) CHRONICtOKE: i fiend wyrm
(01:58 / Allies) CHRONICtOKE: always
(02:00 / Allies) CHRONICtOKE: well
(02:01 / Allies) CHRONICtOKE: usally
(02:13 / Allies) CHRONICtOKE: someone get melee
(02:16 / Allies) CHRONICtOKE: and aa
(02:17 / Allies) CHRONICtOKE: and we good
(03:18 / All) Combat_Vet: me and yellow have a brotherhood you would not understand
(03:23 / All) Combat_Vet: i would tk for him
(03:44 / All) CHRONICtOKE: so u suck his dick?
(03:55 / All) Combat_Vet: and you can go fuck yourself
(04:01 / All) CHRONICtOKE: haha u do
(04:03 / All) CHRONICtOKE: gay.
(04:11 / Allies) JOSEPH_STOLL: chronic te3ch
(04:23 / All) JOSEPH_STOLL: lol
(04:30 / Allies) JOSEPH_STOLL: just sniped a hero
(05:39 / All) Combat_Vet: red u suck dick, boy?
(05:56 / All) GGsAllDay: nice gree
(05:58 / All) GGsAllDay: n
(06:09 / All) GGsAllDay: ill kil hyou, you fuck
(06:10 / All) JOSEPH_STOLL: lol orange left hahaha
(06:20 / Allies) CHRONICtOKE: someoen take it
(06:22 / All) Combat_Vet: yellow kill red
(06:31 / All) Combat_Vet: did u see what that fucker said to me
(06:37 / All) CHRONICtOKE: stfu
(06:41 / All) GGsAllDay: idc ill noose racists.....
(09:16 / Allies) JOSEPH_STOLL: worms
(10:17 / Allies) CHRONICtOKE: woo dme
(10:41 / Allies) CHRONICtOKE: wood for wyrms
(10:54 / Allies) CHRONICtOKE: 4k gold
(10:56 / Allies) CHRONICtOKE: 1500 wood
(10:56 / Allies) CHRONICtOKE: wow
(11:08 / Allies) CHRONICtOKE: useless
(11:13 / Allies) JOSEPH_STOLL: lmao
(11:19 / Allies) CHRONICtOKE: whata retard
(11:21 / Allies) JOSEPH_STOLL: he's building dual blacksmiths
(11:26 / Allies) CHRONICtOKE: lol
(11:29 / Allies) CHRONICtOKE: hes retarded as fuck
(11:33 / Allies) CHRONICtOKE: not suprised
(11:50 / Allies) JOSEPH_STOLL: yellow is retard too
(12:04 / Allies) CHRONICtOKE: great
(12:05 / Allies) JOSEPH_STOLL: look how bad yellow is
(12:34 / Allies) CHRONICtOKE: wow 5k
(12:35 / Allies) CHRONICtOKE: holyt fuck
(12:51 / Allies) JOSEPH_STOLL: fight
(13:04 / Allies) JOSEPH_STOLL: the enemy is retard too
(13:26 / Allies) JOSEPH_STOLL: mage
(14:04 / Allies) JOSEPH_STOLL: out
(14:05 / Allies) JOSEPH_STOLL: out
(14:28 / Allies) CHRONICtOKE: fuckin 2v4
(14:30 / Allies) CHRONICtOKE: unrewal
(14:37 / Allies) JOSEPH_STOLL: they are awful though too lol
(14:41 / Allies) CHRONICtOKE: yea
(14:42 / Allies) CHRONICtOKE: shit
(14:47 / Allies) JOSEPH_STOLL: i'll bulid
(15:36 / Allies) JOSEPH_STOLL: the guys name is "worthless" lol
(15:50 / All) OsamaBinLifting: lmao faggot
(15:53 / All) SnakeInTheGrass: and stay out
(16:30 / Allies) CHRONICtOKE: wow 7k
(16:31 / All) OsamaBinLifting: get fucked up
(16:33 / Allies) CHRONICtOKE: what a monron
(16:46 / All) CHRONICtOKE: its 1v4 kid
(16:49 / All) CHRONICtOKE: calm down
(17:58 / Allies) CHRONICtOKE: share gold assholes
(18:57 / Allies) JOSEPH_STOLL: wood please
(19:11 / Allies) CHRONICtOKE: this fucklin faggot
(19:11 / All) OsamaBinLifting: lmao
(19:22 / All) CHRONICtOKE: whole team has no thiogn but me
(19:24 / All) CHRONICtOKE: fuckin epic
(19:30 / All) OsamaBinLifting: doesnt matter
(19:34 / All) OsamaBinLifting: i out undeaded you
(19:44 / All) CHRONICtOKE: ur rigth youll lose neeways
(19:48 / Allies) JOSEPH_STOLL: wood please
(20:03 / Allies) JOSEPH_STOLL: send me wood dude
(20:04 / Allies) JOSEPH_STOLL: i've got bats
(20:10 / Allies) JOSEPH_STOLL: i'll go kill the freaking elf real quick
(20:43 / Allies) CHRONICtOKE: u guys are retarded
(20:52 / All) Combat_Vet: i gave orange all that i had
(20:56 / Allies) JOSEPH_STOLL: look at that
(21:03 / All) OsamaBinLifting: what a pussy
(21:09 / Allies) JOSEPH_STOLL: single handle take out a whole base with BM
(21:21 / All) CHRONICtOKE: yellow has over 19k gold
(21:23 / Allies) CHRONICtOKE: 10k
(21:30 / All) CHRONICtOKE: snake has 7k
(21:34 / All) CHRONICtOKE: retarded fuckin team
(21:52 / All) CHRONICtOKE: brain damage at its finest
(21:55 / All) CHRONICtOKE: fuckin faggots
(22:41 / All) CHRONICtOKE: wow
(22:44 / Allies) JOSEPH_STOLL: base trade
(22:47 / All) CHRONICtOKE: im never p[laying legit here again
(22:51 / All) CHRONICtOKE: i tk from now on
(23:07 / All) Combat_Vet: he sure was a doughbag
(24:50 / Allies) SnakeInTheGrass: bring your bats fast lawl
(25:31 / All) SnakeInTheGrass: go
(27:30 / All) Combat_Vet: take out blue
(29:42 / Allies) JOSEPH_STOLL: mage
(30:19 / Allies) JOSEPH_STOLL: heal bm
(30:35 / Allies) SnakeInTheGrass: fiend
(30:51 / Allies) JOSEPH_STOLL: heal
(31:15 / Allies) JOSEPH_STOLL: heal
(32:10 / All) Combat_Vet: gg
(33:14 / Allies) JOSEPH_STOLL: do you have pally still?
(33:17 / Allies) SnakeInTheGrass: yes
(33:27 / Allies) JOSEPH_STOLL: i have blade storm
(33:32 / Allies) JOSEPH_STOLL: i can use on fiends if you can heal me
(33:36 / Allies) SnakeInTheGrass: k
(33:53 / Allies) JOSEPH_STOLL: those chims are tough though
(34:39 / All) Combat_Vet: see yellow is smart
(34:48 / All) Combat_Vet: he focuses on the long game
(35:34 / Allies) SnakeInTheGrass: gio
(36:05 / Allies) JOSEPH_STOLL: heal bm
(36:13 / Allies) JOSEPH_STOLL: heal
(37:25 / Allies) SnakeInTheGrass: scout expo
(37:29 / Allies) JOSEPH_STOLL: i will
(37:53 / All) OsamaBinLifting: you nerds are so annoying
(37:56 / All) OsamaBinLifting: rofl
(38:21 / All) Combat_Vet: PREPARE FOR FLARE
(38:53 / Allies) JOSEPH_STOLL: dk?
(39:29 / All) JOSEPH_STOLL: lmao
(39:43 / All) JOSEPH_STOLL: omfg
(40:31 / Allies) JOSEPH_STOLL: heal bm
(40:32 / Allies) JOSEPH_STOLL: please
(40:55 / All) Combat_Vet: seriously
(41:10 / All) JOSEPH_STOLL: hahahaha
(41:11 / All) OsamaBinLifting: red give it up pussy
(41:12 / All) Combat_Vet: your like the best player i have ever seen
(41:23 / All) JOSEPH_STOLL: hahahahahahahaahah
(41:24 / All) OsamaBinLifting: kids map hacking rofl
(41:28 / All) OsamaBinLifting: gg nerds
(41:30 / All) JOSEPH_STOLL: hahahhaahahahah
(41:32 / All) OsamaBinLifting: i wrekced u all
(41:33 / All) SnakeInTheGrass: gg you got raped
(41:36 / All) OsamaBinLifting: red youre terrible
(41:37 / All) Combat_Vet: i was not talking to you
(41:39 / All) SnakeInTheGrass: yeah wrecked so hard ya lost
(41:40 / All) SnakeInTheGrass: LOL
(41:40 / All) JOSEPH_STOLL: nothing else but BM and we owned you
(41:48 / Allies) JOSEPH_STOLL: heal bm
(41:51 / All) Combat_Vet: i was talking to blue
(41:56 / All) Combat_Vet: he is the best i have seen
(42:01 / All) JOSEPH_STOLL: hahahahahahahahaahhaahahaha
(42:03 / All) Combat_Vet: your a doughbag
(42:06 / All) JOSEPH_STOLL: bm is so OP
(42:07 / All) SnakeInTheGrass: I was alt tabbed most of the game
(42:08 / All) SnakeInTheGrass: lol
(42:21 / All) JOSEPH_STOLL: PURPLE you are the worst
(42:33 / All) Combat_Vet: gonna save this
(42:41 / All) JOSEPH_STOLL: I MEAN ORANGE IS REALLY REALLLY GOD AWFUL TOO THOUGH
(43:15 / All) JOSEPH_STOLL: GREEN YOU ARE TRASH
(43:35 / All) SnakeInTheGrass: I was gonna tk chronic toke
(43:44 / All) SnakeInTheGrass: but he got owned anyway
(44:02 / All) SnakeInTheGrass: he gets so mad